 Dungeon Crawl Stone Soup version 0.28-a0-726-g4a9143789a (webtiles) character file.

Game seed: 1094206576016705100

39 pascalblue the Conjurer (level 3, -6/19 HPs)
             Began as a Deep Elf Conjurer on Oct 27, 2021.
             Mangled by a gnoll (13 damage)
             ... on level 2 of the Dungeon.
             The game lasted 00:03:25 (1494 turns).

pascalblue the Conjurer (Deep Elf Conjurer)         Turns: 1494, Time: 00:03:26

Health: -6/19      AC:  3    Str:  4    XL:     3   Next: 26%
Magic:  9/9        EV: 12    Int: 23    God:
Gold:   29         SH:  0    Dex: 13    Spells: 7/8 levels left

rFire   . . .      SeeInvis .   (no weapon)
rCold   . . .      Faith    .   (no shield)
rNeg    . . .      Spirit   .   a - +1 robe
rPois   .          Reflect  .   (no helmet)
rElec   .          Harm     .   (no cloak)
rCorr   .          Rampage  .   (no gloves)
Will    .....                   (no boots)
Stlth   ++........              (no amulet)
HPRegen 0.06/turn               (no ring)
MPRegen 0.11/turn               (no ring)

@: no status effects
A: no striking features
a: no special abilities


You were on level 2 of the Dungeon.
You visited 1 branch of the dungeon, and saw 2 of its levels.

You collected 29 gold pieces.

Inventory:

Missiles
 d - 24 stones
Armour
 a - a +1 robe (worn)
Scrolls
 i - a scroll of enchant armour
Potions
 f - 2 potions of ambrosia


   Skills:
 + Level 2.7 Dodging
 + Level 2.5 Stealth
 + Level 3.2 Spellcasting
 + Level 5.4 Conjurations


You had 7 spell levels left.
You knew the following spells:

 Your Spells              Type           Power      Damage    Failure   Level
a - Magic Dart            Conj           100%       1d8       1%          1

Your spell library contained the following spells:

 Spells                   Type           Power      Damage    Failure   Level
 Searing Ray              Conj           56%        2d6       1%          2
 Dazzling Flash           Conj/Hex       32%        N/A       11%         3
 Fulminant Prism          Conj/Hex       8%         3d7       36%         4
 Iskenderun's Mystic Bla  Conj/Tloc      16%        2d5       36%         4


Dungeon Overview and Level Annotations

Branches:
Dungeon (2/15)

Altars:

Shops:
D:1 [


Message History

Aim: an endoplasm (asleep, 100% to hit)
The magic dart hits the endoplasm.
The endoplasm is heavily wounded.
The endoplasm quivers.
Casting: Magic Dart (safe; 1% risk of failure)
Confirm with . or Enter, or press ? or * to list all spells.
Aiming: Magic Dart (safe; 1% risk of failure)
Press: ? - help, Shift-Dir - straight line, f/p - endoplasm
Aim: an endoplasm (heavily wounded, 100% to hit)
The magic dart hits the endoplasm!
You kill the endoplasm!
Unknown command. 3 gnolls come into view.
The gnoll shouts! x2; You hear a shout!
The gnoll shouts!
You hear a shout!
You hear an angry hiss.
Casting: Magic Dart (safe; 1% risk of failure)
Confirm with . or Enter, or press ? or * to list all spells.
You don't know that spell.
A gnoll and a kobold come into view.
Casting: Magic Dart (safe; 1% risk of failure)
Confirm with . or Enter, or press ? or * to list all spells.
You don't know that spell.
Casting: Magic Dart (safe; 1% risk of failure)
Confirm with . or Enter, or press ? or * to list all spells.
You don't know that spell.
Memorise Searing Ray, consuming 2 spell levels and leaving 5?
The gnoll closely misses you.
You start memorising the spell.
You continue memorising.
The frilled lizard hisses angrily.
You continue memorising.
The gnoll barely misses you. The gnoll hits you with a +0 halberd!
Your memorisation is interrupted.
Ouch! That really hurt!
The kobold misses you.
Casting: Magic Dart (safe; 1% risk of failure)
Confirm with . or Enter, or press ? or * to list all spells.
You don't know that spell.
The gnoll hits you from afar with a +0 halberd!
Ouch! That really hurt!
You die...

...# ####.####.#
#......# ####
#......###......# #
##..............# #
#..............#
#.....##########***
#####.#,*,*,,,*,*,*
#.#*,*,,*,,*,**
#.#,*,,***,,*,*
#@#*,,**,**,,**
#.#,,**,,,**,,*
#gK.#*,,,,,,,,*
###.S#*,,,**,,*
*#K.#*,**,,**
*^#g.#**,,*,*
**,#l.#,,*,**
*,*,#..,*,*,*
*****##******


You could see 2 gnolls, 2 kobolds and a frilled lizard.

Vanquished Creatures
  An adder (D:2)
  4 endoplasms
  4 giant cockroaches
  4 goblins
  2 hobgoblins (D:1)
  A quokka (D:2)
  A ball python (D:2)
  4 bats
  A frilled lizard (D:1)
  A kobold (D:1)
  4 rats
27 creatures vanquished.

Notes
Turn   | Place    | Note
-------+----------+-------------------------------------------
     0 | D:1      | pascalblue the Deep Elf Conjurer began the quest for the
                  | Orb.
     0 | D:1      | Reached XP level 1. HP: 10/10 MP: 6/6
    60 | D:1      | Found Ilal's Armour Shoppe.
   478 | D:1      | Reached XP level 2. HP: 15/15 MP: 5/8
   691 | D:1      | Reached skill level 5 in Conjurations
  1102 | D:2      | Reached XP level 3. HP: 19/19 MP: 7/9
  1494 | D:2      | Mangled by a gnoll

Illustrated notes

Levels and vault maps discovered:
D:1:      evilmike_arrival_plus, layout_basic, serial_shops,
          nicolae_shop_statue_plus
D:2:      minmay_diamond_boxcup, layout_rooms

Skill      XL: |  1  2 |
---------------+-------+-----
Conjurations   | 5 |  5.4
Dodging        | |  2.7
Stealth        | |  2.5
Spellcasting   | |  3.2

Action                   || total
-------------------------++-------
 Cast: Magic Dart        ||    47
  Use: Scroll            ||     7
Dodge: Dodged            ||     5

Table legend: (Time is in decaauts)
 A = Elapsed time spent in this place.
 B = Non-inter-level travel time spent in this place.
 C = Inter-level travel time spent in this place.
 D = Time resting spent in this place.
 E = Time spent auto-exploring this place.
 F = Levels seen in this place.
 G = Mean time per level.
                   A        B        C        D        E       F      G
               +--------+--------+--------+--------+--------+-----+--------+
         Total |   1493 |   1485 |      8 |      0 |   1357 |   2 |  746.5 |
       Dungeon |   1493 |   1485 |      8 |      0 |   1357 |   2 |  746.5 |
               +--------+--------+--------+--------+--------+-----+--------+

Top non-repeatable levels by time:
     D:1: 989 daAuts
     D:2: 504 daAuts
